Match 46218518
Unlisted

Match 46218518
End
Royal Engineer Section
Construct Section Command Post
Infantry Section
Dingo Light Scout Car
Infantry Section
Infantry Section
Construct Platoon Command Post
Unlock M3 Stuart Light Tanks
M3 Stuart Light Tank
6-pounder Anti-tank Gun Team
Construct Field Infirmary
Selects Australian Defense Battlegroup
Selects Australian Light Infantry Section
Selects 2-pounder Anti-tank Gun Team
Selects Vehicle Over Repair
2-pounder Anti-tank Gun Team
Construct Company Command Post
Crusader II Medium Tank
Selects CMP 15cwt Supply Run
Selects Artillery Trip Wire Flares
Matilda II Heavy Tank
Royal Engineer Section
Crusader II Medium Tank
Royal Engineer Section
Selects Archer Tank Destroyer
Archer Tank Destroyer
Armored Vehicle Training
Matilda II Heavy Tank
Deliri0us
oziligath
0
0

Comments sign in to comment!

No comments posted yet!